Description

Agressive TvZ buildorder

Replay - Nerchio v SpeCial: Game 2 - Dreamcatcher LE

Build Order

Get SALT Encoding   

  12  0:00  SCV  
  13  0:13  SCV  
  14  0:17  Supply Depot  
  14  0:25  SCV  
  15  0:38  SCV  
  15  0:41  Barracks  
  16  0:43  Refinery  
  16  0:51  SCV  
  17  1:03  SCV  
  18  1:15  SCV  
  19  1:28  Orbital Command, Reaper  
  20  1:41  Command Center  
  20  1:49  Supply Depot  
  20  1:55  SCV  
  20  2:00  Marine  
  22  2:05  Factory  
  22  2:10  SCV  
  23  2:16  Refinery  
  23  2:21  Barracks Reactor  
  23  2:22  SCV  
  25  2:50  Starport  
  26  2:52  Orbital Command  
  26  3:01  Hellion x2  
  31  3:06  Barracks Tech Lab  
  32  3:18  Supply Depot  
  33  3:23  Hellion x2  
  38  3:29  Viking  
  38  3:33  Stimpack  
  40  3:40  Marine  
  45  3:51  Supply Depot  
  45  4:01  Barracks  
  47  4:02  Factory Reactor  
  47  4:03  Marine  
  48  4:10  Barracks, Starport Tech Lab  
  50  4:17  Engineering Bay  
  50  4:21  Marine  
  52  4:25  Engineering Bay  
  53  4:35  Starport Reactor  
  55  4:41  Refinery x2, Marine  
  56  4:49  Terran Infantry Weapons Level 1  
  56  4:52  Terran Infantry Armor Level 1  
  58  4:57  Marine x3  
  58  4:59  Siege Tank  
  55  5:03  Supply Depot  
  55  5:05  Marine x2  
  59  5:12  Medivac  
  62  5:25  Medivac  
  69  5:38  Combat Shield  
  69  5:39  Siege Tank  
  79  6:00  Medivac x2  
  88  6:16  Armory  
  88  6:23  Liberator  
  91  6:27  Siege Tank  
  96  6:44  Liberator  
  105  7:34  Siege Tank  
  112  7:45  Command Center  
  112  8:00  Medivac  
  118  8:12  Barracks  
Spawning Tool Build Advisor. Get it on Overwolf

Go to:

Details

  • Created by: ADTank
  • Published on: Nov 12, 2018
  • Modified on: Nov 12, 2018
  • Patch: 4.0.0
Show
View Real Time Build Order
Export as new Build Order

Comments (0)

There are no comments. Be the first!

Create an account to comment!